 Dungeon Crawl Stone Soup version 0.28-a0-407-g69098e2f6d (webtiles) character file.

Game seed: 14587258623804823968

15336 dolemite99 the Basher (level 12, 0/101 HPs)
             Began as a Minotaur Monk on Sept 5, 2021.
             Was a Priest of Yredelemnul.
             Succumbed to a cane toad's poison
             ... on level 1 of the Lair of Beasts.
             The game lasted 00:20:21 (16037 turns).

dolemite99 the Basher (Minotaur Monk)              Turns: 16037, Time: 00:20:22

Health: 0/101      AC: 15    Str: 20    XL:     12   Next: 0%
Magic:  18/18      EV:  7    Int:  7    God:    Yredelemnul [***...]
Gold:   754        SH:  0    Dex: 14    Spells: 11/11 levels left

rFire   + + .      SeeInvis .   a - +11 whip of Ciefo {drain, Fly rN+ rCorr}
rCold   + + +      Faith    .   (no shield)
rNeg    + . .      Spirit   .   c - +0 plate armour
rPois   +          Reflect  .   (helmet restricted)
rElec   +          Harm     .   Q - scarf {rC+ rF+}
rCorr   +          Rampage  .   H - +0 pair of gloves
Will    .....                   (no boots)
Stlth   ..........              (no amulet)
HPRegen 0.26/turn               j - ring of protection from cold
MPRegen 0.16/turn               (no ring)

@: lethally poisoned (0 -> -1), resistant, flying, hasted, very quick
A: horns 2, retaliatory headbutt
a: Renounce Religion, Recall Undead Slaves, Injury Mirror, Animate Dead


You were on level 1 of the Lair of Beasts.
You worshipped Yredelemnul.
Yredelemnul was most pleased with you.
You visited 2 branches of the dungeon, and saw 12 of its levels.

You collected 754 gold pieces.

Inventory:

Hand Weapons
 a - the +11 whip of Ciefo (weapon) {drain, Fly rN+ rCorr}
   (You found it on level 6 of the Dungeon)

   A truly terrible weapon, it drains the life of any living foe it strikes.
   rN:        It protects you from negative energy.
   Fly:       It grants you flight.
   rCorr:     It protects you from acid and corrosion.
 b - a +4 shortbow of flaming
 h - a +3 mace of draining
 w - a +0 hunting sling
 x - a +0 shortbow
 y - a +0 battleaxe
 A - a +1 whip of flaming
 C - a +0 hand axe
 O - a +0 longbow
Missiles
 e - 353 stones
 g - 192 sling bullets
 p - 201 arrows
 E - 46 bolts
 I - 49 poisoned darts (quivered)
 M - 3 boomerangs
Armour
 c - a +0 plate armour (worn)
 k - a +0 ring mail
 l - a +0 helmet
 o - a +0 pair of gloves
 D - a scarf of repulsion
 F - a +0 buckler
 H - a +0 pair of gloves (worn)
 L - a +0 scale mail
 Q - a scarf of resistance (worn)
 R - a +0 robe
Jewellery
 j - a ring of protection from cold (left hand)
 n - a +6 ring of dexterity
 q - a ring of positive energy
 t - a +6 ring of intelligence
 K - a +6 ring of strength
 N - an amulet of guardian spirit
 P - a ring of ice
Wands
 B - a wand of iceblast (17)
Scrolls
 d - 3 scrolls of amnesia
 i - 4 scrolls of teleportation
 m - 5 scrolls of immolation
 r - 2 scrolls of enchant weapon
 G - 2 scrolls of identify {@r1}
Potions
 f - a potion of magic
 s - 2 potions of mutation
 z - 3 potions of berserk rage
 J - 3 potions of cancellation
Miscellaneous
 T - a condenser vane


   Skills:
 + Level 8.0 Fighting
 - Level 4.5(9.3) Axes
 - Level 12.3(12.6) Maces & Flails
 * Level 4.4 Bows
 + Level 9.2 Armour
 - Level 3.2 Dodging
 - Level 1.5 Stealth
 - Level 10.3 Invocations
 - Level 6.4 Evocations


You had 11 spell levels left.
You didn't know any spells.
Your spell library contained the following spells:

 Spells                   Type           Power      Damage    Failure   Level
 Pain                     Necr           0%         1d4       100%        1
 Summon Small Mammal      Summ           0%         N/A       100%        1
 Slow                     Hex            0%         N/A       100%        2
 Call Canine Familiar     Summ           0%         N/A       100%        3
 Confusing Touch          Hex            0%         N/A       100%        3
 Summon Guardian Golem    Hex/Summ       0%         N/A       100%        3
 Agony                    Necr           0%         N/A       100%        5
 Excruciating Wounds      Necr           0%         N/A       100%        5
 Summon Forest            Summ/Tloc      0%         N/A       100%        5
 Summon Mana Viper        Hex/Summ       0%         N/A       100%        5
 Yara's Violent Unravell  Hex/Tmut       0%         3d3       100%        5
 Summon Cactus Giant      Summ           0%         N/A       100%        6


Dungeon Overview and Level Annotations

Branches:
Dungeon (11/15)            Temple (0/1) D:4            Lair (1/6) D:10
    Orc: D:9-12

Altars:
Gozag
Kikubaaqudgha
Xom
Yredelemnul

Shops:
D:11 [


Innate Abilities, Weirdness & Mutations

You have a pair of horns on your head.
You reflexively headbutt those who attack you in melee.


Message History

You feel sick.
Your Fighting skill increases to level 8!
You have reached level 12!
Your experience leads to an increase in your attributes!
Increase (S)trength, (I)ntelligence, or (D)exterity?
You feel stronger. x2
You feel protected.
* * * LOW HITPOINT WARNING * * *
You feel sick.
You miss the water moccasin.
Your headbutt misses the water moccasin.
You feel sick.
The water moccasin bites you but does no damage.
* * * LOW HITPOINT WARNING * * *
You feel sick. The water moccasin bites you.
* * * LOW HITPOINT WARNING * * *
* * * LOW HITPOINT WARNING * * *
You feel sick.
The water moccasin bites you but does no damage.
* * * LOW HITPOINT WARNING * * *
You feel sick. The water moccasin barely misses you. You furiously retaliate!
You headbutt the water moccasin, but do no damage.
* * * LOW HITPOINT WARNING * * *
You feel sick.
The water moccasin bites you but does no damage.
* * * LOW HITPOINT WARNING * * *
You feel sick. The water moccasin barely misses you. You furiously retaliate!
You headbutt the water moccasin.
* * * LOW HITPOINT WARNING * * *
You feel sick.
The water moccasin bites you but does no damage.
* * * LOW HITPOINT WARNING * * *
You feel sick.
The water moccasin bites you but does no damage.
* * * LOW HITPOINT WARNING * * *
You feel sick.
The water moccasin bites you but does no damage.
The water moccasin bites you but does no damage.
You die...
Your body rises from the dead as a mindless zombie.

#..##.........# #.## ##....#
..............###.#P##.F...###
......................Z........
...........................####
##..#.........#..#P#.####.##
###...........P.## #.# ##
#..PP...........# #.# #
#.......#.......###.#P#####
##..............@S...(.....#
............................
............................
..................#.........
..................#..##.....
##...............##..# .....
##.............##.... .....
##≈≈##...#..P#.. #.... ....
.≈≈..≈........


You could see a water moccasin.

Vanquished Creatures
  Harold (D:10)
  A hydra (Lair:1)
  A boulder beetle (D:11)
  Fannar (D:10)
  A centaur warrior (D:11)
  A two-headed ogre (D:9)
  Pikel (D:5)
  A black mamba (Lair:1)
  2 cane toads (Lair:1)
  Psyche (D:11)
  A komodo dragon (D:11)
  3 yaks
  A wraith (D:6)
  A vampire (D:9)
  6 humans
  A shadow (D:11)
  Grum (D:11)
  2 steam dragons
  2 vampire mosquitoes (D:10)
  7 water moccasins
  2 ice beasts
  3 black bears
  3 orc warriors
  A sky beast (D:6)
  3 necrophages
  3 centaurs
  3 lemures
  2 wolves (D:11)
  2 kobold brigands
  Blork the orc (D:5)
  4 bullfrogs
  3 scorpions (D:5)
  14 killer bees
  4 wights (D:8)
  A crimson imp (D:4)
  4 centaur zombies
  A howler monkey (D:6)
  2 hounds (D:5)
  A bullfrog zombie (D:5)
  2 jellies
  3 orc priests
  2 gnoll shamans
  3 iguanas
  7 orc wizards
  A killer bee zombie (D:5)
  A hound zombie (D:5)
  2 hound skeletons
  Robin (D:2)
  4 adders
  18 gnolls
  2 shadow imps (D:7)
  2 white imps
  3 ufetubi
  3 adder skeletons (D:4)
  A dart slug (D:1)
  23 orcs
  5 endoplasms
  11 giant cockroaches
  14 goblins
  8 hobgoblins
  5 jackals
  7 ball pythons
  7 bats
  3 frilled lizards
  10 kobolds
  9 rats
250 creatures vanquished.

Vanquished Creatures (collateral kills)
  A centaur warrior (D:10)
  A two-headed ogre (D:9)
  A wraith (D:9)
  A yak (Lair:1)
  An acid dragon (D:9)
  2 water moccasins (Lair:1)
  A sky beast (D:6)
  A black bear (D:10)
  An orc warrior (D:8)
  A centaur (D:9)
  2 bullfrogs
  A wyvern zombie (D:7)
  A killer bee (D:9)
  A jelly (D:7)
  A gnoll (D:8)
  2 orcs
  6 kobolds (D:7)
25 creatures vanquished.

Vanquished Creatures (others)
  4 flying skulls (D:9)
  A wight (D:8)
  A hydra zombie (Lair:1)
  A cane toad zombie (Lair:1)
  2 mummies
  A black bear zombie (D:10)
  A centaur zombie (D:9)
  A komodo dragon zombie (D:11)
  A water moccasin skeleton (D:6)
  3 water moccasin zombies
  3 yak zombies (Lair:1)
  3 bullfrog zombies
  2 killer bee zombies
  A necrophage skeleton (D:6)
  An orc skeleton (D:6)
  4 orc zombies (D:8)
  31 fungi
  28 plants
89 creatures vanquished.

Grand Total: 364 creatures vanquished

Notes
Turn   | Place    | Note
-------+----------+-------------------------------------------
     0 | D:1      | dolemite99 the Minotaur Monk began the quest for the Orb.
     0 | D:1      | Reached XP level 1. HP: 19/19 MP: 0/0
   142 | D:1      | Reached XP level 2. HP: 15/26 MP: 1/1
   499 | D:1      | Reached skill level 1 in Maces & Flails
   804 | D:1      | Found a faded altar of an unknown god.
   850 | D:2      | Reached skill level 2 in Maces & Flails
   902 | D:2      | Reached XP level 3. HP: 31/31 MP: 2/2
   907 | D:2      | Noticed Robin
   922 | D:2      | HP: 1/31 [goblin[Robin] (3)]
   926 | D:2      | Killed Robin
   927 | D:2      | Reached skill level 3 in Maces & Flails
  1703 | D:2      | Reached XP level 4. HP: 36/39 MP: 3/3
  1953 | D:3      | Reached skill level 4 in Maces & Flails
  2531 | D:3      | Found a basalt altar of Yredelemnul.
  2541 | D:3      | Became a worshipper of Yredelemnul the Dark
  2541 | D:3      | Reached * piety under Yredelemnul
  2541 | D:3      | Reached ** piety under Yredelemnul
  2789 | D:4      | Found a staircase to the Ecumenical Temple.
  2806 | D:4      | Reached skill level 5 in Maces & Flails
  2806 | D:4      | Reached XP level 5. HP: 40/45 MP: 4/4
  3304 | D:4      | Noticed a centaur
  3309 | D:4      | Killed a centaur
  3310 | D:4      | Reached skill level 6 in Maces & Flails
  3310 | D:4      | Reached XP level 6. HP: 23/51 MP: 5/5
  3509 | D:4      | Reached skill level 7 in Maces & Flails
  3644 | D:4      | Identified the +0 leather armour "Inty" {-Tele +Inv rN+++
                  | Will-}
  4132 | D:5      | Entered Level 5 of the Dungeon
  4146 | D:5      | Noticed an ice beast
  4150 | D:5      | Reached skill level 8 in Maces & Flails
  4160 | D:5      | Killed an ice beast
  4161 | D:5      | Reached XP level 7. HP: 57/57 MP: 6/6
  4266 | D:5      | Noticed Pikel
  4588 | D:5      | Reached skill level 9 in Maces & Flails
  5092 | D:5      | Noticed Blork the orc
  5109 | D:5      | Reached skill level 10 in Maces & Flails
  5251 | D:5      | Killed Blork the orc
  5376 | D:5      | Noticed a two-headed ogre
  5437 | D:5      | Reached XP level 8. HP: 44/64 MP: 7/7
  5782 | D:5      | Reached *** piety under Yredelemnul
  5980 | D:5      | Reached skill level 11 in Maces & Flails
  6257 | D:5      | Killed Pikel
  6258 | D:5      | Reached skill level 12 in Maces & Flails
  6839 | D:6      | Reached skill level 1 in Invocations
  7193 | D:6      | Identified the +11 whip of Ciefo {drain, Fly rN+ rCorr}
  7324 | D:6      | Reached XP level 9. HP: 63/70 MP: 9/11
  7715 | D:6      | Reached skill level 5 in Invocations
  9481 | D:7      | Reached XP level 10. HP: 71/77 MP: 16/16
  9580 | D:7      | Received a gift from Yredelemnul (a mummy)
 10304 | D:8      | Reached skill level 10 in Invocations
 10533 | D:8      | Found an ancient bone altar of Kikubaaqudgha.
 10546 | D:8      | Reached **** piety under Yredelemnul
 10678 | D:8      | Received a gift from Yredelemnul (a wight)
 10685 | D:8      | Reached skill level 1 in Armour
 10865 | D:8      | Found a shimmering altar of Xom.
 10866 | D:8      | Found a shimmering altar of Xom.
 10866 | D:8      | Found a shimmering altar of Xom.
 10866 | D:8      | Found a shimmering altar of Xom.
 10866 | D:8      | Found a shimmering altar of Xom.
 10866 | D:8      | Found a shimmering altar of Xom.
 10866 | D:8      | Found a shimmering altar of Xom.
 10867 | D:8      | Found a shimmering altar of Xom.
 10867 | D:8      | Found a shimmering altar of Xom.
 10961 | D:8      | Found an opulent altar of Gozag.
 11053 | D:8      | Received a gift from Yredelemnul (4 flying skulls)
 11264 | D:9      | Noticed a two-headed ogre
 11267 | D:9      | Killed a two-headed ogre
 11268 | D:9      | Reached skill level 5 in Fighting
 11613 | D:9      | Received a gift from Yredelemnul (a mummy)
 12064 | D:9      | Noticed a two-headed ogre
 12203 | D:9      | Killed a two-headed ogre
 12204 | D:9      | Reached skill level 5 in Armour
 12535 | D:10     | Entered Level 10 of the Dungeon
 12549 | D:10     | Reached skill level 1 in Evocations
 12565 | D:10     | Found a staircase to the Lair.
 12583 | D:10     | Reached XP level 11. HP: 91/91 MP: 14/17
 12662 | D:10     | Noticed Harold
 12693 | D:10     | Killed Harold
 12707 | D:10     | Noticed a centaur warrior
 12712 | D:10     | Killed a centaur warrior
 13176 | D:10     | Noticed Fannar
 13189 | D:10     | Killed Fannar
 13286 | D:10     | Reached skill level 5 in Evocations
 13536 | D:11     | Noticed a boulder beetle
 13572 | D:11     | Killed a boulder beetle
 14080 | D:11     | Noticed Psyche
 14088 | D:11     | Killed Psyche
 14189 | D:11     | Found Xunawnio's Armour Boutique.
 14285 | D:11     | Noticed a centaur warrior
 14293 | D:11     | Killed a centaur warrior
 14294 | D:11     | Reached skill level 1 in Bows
 15011 | D:11     | Noticed Grum
 15021 | D:11     | Killed Grum
 15292 | Lair:1   | Entered Level 1 of the Lair of Beasts
 15666 | Lair:1   | Noticed a five-headed hydra
 15685 | Lair:1   | Killed a five-headed hydra
 16025 | Lair:1   | Reached XP level 12. HP: 14/101 MP: 18/18
 16029 | Lair:1   | HP: 5/101 [poisoned by a cane toad]
 16034 | Lair:1   | HP: 2/101 [poisoned by a cane toad]
 16037 | Lair:1   | Succumbed to a cane toad's poison

Illustrated notes

Levels and vault maps discovered:
D:1:      onia_arrival_handbag, layout_basic, dilly_ecumenical_altar_fadedgnrine
D:2:      layout_rooms, uniq_robin
D:3:      minmay_roachtagon, layout_loops_ring, mainiacjoe_overflow_boulevard,
          grunt_ministairs_14
D:4:      layout_rooms, minmay_temple_entry_gardened_gates,
          minmay_fire_ice_demons
D:5:      layout_cave_pods, minmay_quadrilaterals, uniq_blork_the_orc,
          uniq_pikel
D:6:      layout_basic
D:7:      layout_cave_pools, grunt_decor_mini_mirrors, minmay_ruffians
D:8:      layout_rooms, xom_shifter_show, grunt_temple_overflow_open,
          lightli_bailey_entry_fortress, wad_floor_pattern_1
D:9:      layout_roguey
D:10:     layout_loops_ring, due_lair_maze_entry_diamond, uniq_harold,
          uniq_fannar
D:11:     layout_long_grid, serial_shops, kennysheep_little_box, uniq_psyche,
          uniq_grum
Lair:1:   layout_gridlike, st_stairs_9, infiniplex_staircase_pool_2

Skill      XL: |  1  2  3  4  5  6  7  8  9 10 11 |
---------------+----------------------------------+-----
Axes           | 4 |  4.5
Maces & Flails | 2 3 5 6 8 10 12 | 12.3
Invocations    | 4 9 10 | 10.3
Armour         | 6 9 |  9.2
Fighting       | 6 8 |  8.0
Evocations     | 2 6 |  6.4
Bows           | 4 |  4.4
Dodging        | |  3.2
Stealth        | |  1.5

Action                   |  1- 3 |  4- 6 |  7- 9 | 10-12 || total
-------------------------+-------+-------+-------+-------++-------
Melee: Hand axe          |    19 |       |       |       ||    19
       Headbutt          |     7 |    16 |    53 |    43 ||   119
       Mace              |    40 |   130 |   145 |       ||   315
       Whip              |       |       |   106 |   230 ||   336
 Fire: Shortbow          |       |       |       |    51 ||    51
Throw: Stone             |    60 |    31 |    32 |     5 ||   128
       Dart              |       |       |       |    17 ||    17
Invok: Animate Dead      |       |       |     4 |    26 ||    30
       Injury Mirror     |       |       |     1 |     2 ||     3
Evoke: Wand              |       |       |       |    17 ||    17
  Use: Potion            |     3 |       |     1 |     8 ||    12
       Scroll            |       |       |     4 |    12 ||    16
 Stab: Sleeping          |     1 |       |       |       ||     1
       Distracted        |       |       |     2 |     1 ||     3
Armor: Robe              |    18 |       |       |       ||    18
       Ring mail         |     3 |    58 |    60 |       ||   121
       Scale mail        |       |       |     3 |    13 ||    16
       Plate armour      |       |       |       |   132 ||   132
       Skin              |       |       |       |     7 ||     7
Dodge: Dodged            |    47 |    88 |   102 |   104 ||   341
       Repelled          |       |       |       |     2 ||     2
Block: Buckler           |       |       |     9 |    20 ||    29

Table legend: (Time is in decaauts)
 A = Elapsed time spent in this place.
 B = Non-inter-level travel time spent in this place.
 C = Inter-level travel time spent in this place.
 D = Time resting spent in this place.
 E = Time spent auto-exploring this place.
 F = Levels seen in this place.
 G = Mean time per level.
                   A        B        C        D        E       F      G
               +--------+--------+--------+--------+--------+-----+--------+
         Total |  15924 |  15517 |    407 |   6203 |   6576 |  12 | 1327.0 |
       Dungeon |  15179 |  14773 |    406 |   6167 |   6030 |  11 | 1379.9 |
          Lair |    744 |    744 |      0 |     36 |    545 |   1 |  744.0 |
               +--------+--------+--------+--------+--------+-----+--------+

Top non-repeatable levels by time:
     D:5: 2709 daAuts
    D:11: 1829 daAuts
     D:7: 1785 daAuts
     D:4: 1617 daAuts
     D:6: 1498 daAuts
     D:9: 1258 daAuts
     D:2: 1136 daAuts
    D:10: 879 daAuts
     D:1: 846 daAuts
     D:8: 827 daAuts
     D:3: 791 daAuts
  Lair:1: 744 daAuts
